 Dungeon Crawl Stone Soup version 0.23.2-1-ga50397a6bc (webtiles) character file.

Game seed: 8075537309378183503

196 Lennu the Slasher (level 5, -1/42 HPs)
             Began as a Demonspawn Berserker on Apr 20, 2019.
             Was a Believer of Trog.
             Succumbed to an orc wizard's poison
             ... on level 3 of the Dungeon.
             The game lasted 00:06:20 (2055 turns).

Lennu the Slasher (Demonspawn Berserker)            Turns: 2055, Time: 00:06:21

Health: -1/42      AC:  9    Str: 17    XL:     5   Next: 45%
Magic:  5/5        EV:  8    Int:  9    God:    Trog [**....]
Gold:   130        SH:  0    Dex: 13    Spells: 4/4 levels left

rFire    . . .     SeeInvis .   a - +0 falchion
rCold    . . .     Gourm    .   (no shield)
rNeg     . . .     Faith    .   d - +0 chain mail
rPois    .         Spirit   .   (helmet restricted)
rElec    .         Reflect  .   (no cloak)
rCorr    .         Harm     .   (no gloves)
MR       +....                  (no boots)
Stlth    ..........             (no amulet)
HPRegen  0.14/turn              n - ring of protection from magic
MPRegen  0.09/turn              r - ring of flight

@: lethally poisoned (-1 -> -36), berserk cooldown, slowed, very slow
A: antennae 1, demonic guardian 1, powered by death 1
a: Berserk, Trog's Hand, Renounce Religion, Evoke Flight


You were on level 3 of the Dungeon.
You worshipped Trog.
Trog was pleased with you.
You were near starving.

You visited 1 branch of the dungeon, and saw 3 of its levels.

You collected 130 gold pieces.

Inventory:

Hand Weapons
 a - a +0 falchion (weapon)
 q - a +0 whip
Armour
 b - a +0 animal skin
 d - a +0 chain mail (worn)
Jewellery
 n - a ring of protection from magic (left hand)
 o - an uncursed ring of protection from magic
 r - a ring of flight (right hand)
Scrolls
 f - a scroll of enchant armour {unknown}
 g - a scroll of magic mapping {unknown}
 h - a scroll of enchant weapon {unknown}
 i - 3 scrolls of fog {unknown}
 j - 3 scrolls of remove curse {unknown}
 k - 5 scrolls of identify {unknown}
Potions
 e - a potion of curing
 l - a potion of mutation {unknown}
 p - 2 potions of flight {unknown}
 s - a potion of lignification {unknown}
 t - a potion of might {unknown}
Comestibles
 c - 7 rations
 m - 2 chunks of flesh


   Skills:
 * Level 3.7 Fighting
 * Level 4.4 Long Blades
 * Level 2.9 Armour
 * Level 2.2 Dodging


You had 4 spell levels left.
You didn't know any spells.
Your spell library was empty.

Dungeon Overview and Level Annotations

Branches:
Dungeon (3/15)

Altars:


Innate Abilities, Weirdness & Mutations

You have a pair of small antennae on your head.
A weak demonic guardian rushes to your aid.
You regenerate a little health from kills.


Message History

You are poisoned.
Something hits you but does no damage.
You are lethally poisoned!
The orc hits you from afar with a +0 trident.
You feel very sick.
* * * LOW HITPOINT WARNING * * *
You feel sick. Something hits you.
* * * LOW HITPOINT WARNING * * *
You are more poisoned.
The orc closely misses you. Something hits you but does no damage.
You are more poisoned.
The orc hits you but does no damage.
* * * LOW HITPOINT WARNING * * *
You feel very sick.
* * * LOW HITPOINT WARNING * * *
You feel very sick. Something hits you but does no damage.
You are more poisoned.
The orc hits you but does no damage.
You die...

##### # ...# .###.
###.###
.....##.....#
..>...#<#.#.#
....(..(@())#
.#.##.#(#.#.####.##
..........{.).....#
...##..####o###...#
.. #.......).....#
. ...#####.###.....
#### #.. ... #### #


You could see an orc.

Vanquished Creatures
  A crimson imp (D:3)
  Jessica (D:2)
  2 orc wizards (D:3)
  2 adders
  2 dart slugs (D:2)
  A leopard gecko (D:2)
  An orc (D:3)
  2 giant cockroaches (D:1)
  6 hobgoblins
  5 kobolds
  A quokka (D:2)
  2 ball pythons
  2 bats (D:1)
  5 frilled lizards
  10 goblins
  6 rats
49 creatures vanquished.

Vanquished Creatures (collateral kills)
  3 gnolls (D:2)
  A worm (D:2)
  A kobold (D:3)
5 creatures vanquished.

Grand Total: 54 creatures vanquished

Notes
Turn   | Place    | Note
-------+----------+-------------------------------------------
     0 | D:1      | Lennu the Demonspawn Berserker began the quest for the Orb.
     0 | D:1      | Reached XP level 1. HP: 18/18 MP: 1/1
   195 | D:1      | Gained mutation: A weak demonic guardian rushes to your
                  | aid. [demonic ancestry]
   195 | D:1      | Reached XP level 2. HP: 24/24 MP: 2/2
   341 | D:1      | Reached skill level 3 in Long Blades
   841 | D:2      | Reached ** piety under Trog
   945 | D:2      | Gained mutation: You have a pair of small antennae on your
                  | head. [demonic ancestry]
   945 | D:2      | Reached XP level 3. HP: 28/29 MP: 3/3
  1600 | D:2      | Noticed Jessica
  1604 | D:2      | Killed Jessica
  1604 | D:2      | Reached XP level 4. HP: 35/35 MP: 4/4
  1878 | D:2      | Reached skill level 4 in Long Blades
  2004 | D:3      | Gained mutation: You regenerate a little health from kills.
                  | [demonic ancestry]
  2004 | D:3      | Reached XP level 5. HP: 36/42 MP: 5/5
  2055 | D:3      | Succumbed to an orc wizard's poison

Skill      XL: |  1  2  3  4 |
---------------+-------------+-----
Long Blades    | 3 4 |  4.4
Armour         | 2 |  2.9
Dodging        | 2 |  2.2
Fighting       | |  3.7

Action                   |  1- 3 |  4- 6 || total
-------------------------+-------+-------++-------
Melee: Falchion          |   112 |    69 ||   181
Invok: Berserk           |     1 |     1 ||     2
  Use: Potion            |       |     1 ||     1
  Eat: Chunk             |     2 |     2 ||     4
Armor: Chain mail        |    72 |    52 ||   124
Dodge: Dodged            |    41 |    31 ||    72
       Rpst.: Falchion   |    20 |     3 ||    23
